 Dungeon Crawl Stone Soup version 0.30.0-17-ge0270778cf (webtiles) character file.

Game seed: 2095845097913121456

51 Sabo the Trooper (level 3, -3/29 HPs)
             Began as a Demonspawn Berserker on May 23, 2023.
             Was a Believer of Trog.
             Slain by a gnoll
             ... wielding a +0 whip
              (5 damage)
             ... on level 2 of the Dungeon.
             The game lasted 00:09:53 (1577 turns).

Sabo the Trooper (Demonspawn Berserker)             Turns: 1577, Time: 00:09:54

Health: -3/29      AC:  2    Str: 19    XL:     3   Next: 57%
Magic:  3/3        EV: 12    Int:  8    God:    Trog [**....]
Gold:   99         SH:  0    Dex: 12    Spells: 2/2 levels left

rFire   . . .        a - +0 hand axe
rCold   . . .        (no shield)
rNeg    . . .        b - +0 animal skin
rPois   .            (no helmet)
rElec   .            (no cloak)
rCorr   .            (no gloves)
SInv    .            (no boots)
Will    .....        c - amulet of faith
Stlth   +            (no ring)
HPRegen 0.24/turn    (no ring)
MPRegen 0.08/turn

%: faith
@: no status effects
A: spiny 1, demonic touch 1
a: Renounce Religion, Berserk, Trog's Hand


You were on level 2 of the Dungeon.
You worshipped Trog.
Trog was pleased with you.
You visited 1 branch of the dungeon, and saw 2 of its levels.

You collected 99 gold pieces.

Inventory:

Hand Weapons
 a - a +0 hand axe (weapon)
Armour
 b - a +0 animal skin (worn)
Jewellery
 c - an amulet of faith (around neck)
Scrolls
 e - a scroll of immolation {unknown}
 f - a scroll of identify {unknown}
 g - a scroll of silence {unknown}
 h - 2 scrolls of enchant armour {unknown}
 i - a scroll of teleportation {unknown}
Potions
 d - a potion of heal wounds {unknown}


   Skills:
 + Level 3.5 Fighting
 + Level 3.5 Axes
 + Level 2.0 Armour
 + Level 1.9 Dodging


You had 2 spell levels left.
You didn't know any spells.
Your spell library was empty.

Dungeon Overview and Level Annotations

Branches:
Dungeon (2/15)

Altars:

Shops:
D:1 =


Innate Abilities, Weirdness & Mutations

You are partially covered in sharp spines.
Your touch may inflict minor irresistible damage on your foes.


Message History

Trog accepts your kill.
A rat comes into view.
You hit the goblin.
You kill the goblin!
Trog accepts your kill.
A gnoll comes into view. It is wielding a +0 spear.
The gnoll is struck by your spines. The gnoll hits you with a +0 club.
You see here a +0 club.
You hit the gnoll.
The gnoll is heavily wounded.
The gnoll closely misses you.
You hit the gnoll but do no damage.
The gnoll is heavily wounded.
You closely miss the gnoll. The gnoll barely misses you. x2
The gnoll hits you with a +0 whip! The gnoll hits you with a +0 club.
You hit the gnoll.
You kill the gnoll!
Trog accepts your kill.
You hit the gnoll. The gnoll hits you but does no damage.
The gnoll hits you with a +0 whip. The gnoll is struck by your spines.
The gnoll closely misses you. The gnoll misses you.
Things that are here:
a +0 club; a gnoll corpse You hit the gnoll.
You touch the gnoll!
The gnoll is almost dead.
You hit the gnoll but do no damage. The gnoll hits you but does no damage.
The gnoll is struck by your spines. The gnoll hits you but does no damage.
You hit the gnoll.
The gnoll is almost dead.
You hit the gnoll. The gnoll is struck by your spines.
You kill the gnoll!
Trog accepts your kill. The gnoll hits you with a +0 whip!
* * * LOW HITPOINT WARNING * * *
You hit the rat.
The rat is heavily wounded.
You barely miss the gnoll. The gnoll barely misses you.
The gnoll is struck by your spines. The gnoll hits you with a +0 whip.
You die...

##### #####
#...###### #...###
#........# ##......
#...##.#.###....###
##.###..........#
#.# ###.###...##
#.# #.# ##.##
#)#####.# #.#
#@g.....# #.#
#r####### #+# #g#
..# .#. #. . #. .
## ..


You could see 2 gnolls and a rat.

Vanquished Creatures
  2 gnolls (D:2)
  5 endoplasms
  4 goblins
  A hobgoblin (D:1)
  4 jackals (D:1)
  5 ball pythons
  2 bats (D:1)
  2 frilled lizards (D:1)
  3 kobolds (D:1)
28 creatures vanquished.

Notes
Turn   | Place    | Note
-------+----------+-------------------------------------------
     0 | D:1      | Sabo the Demonspawn Berserker began the quest for the Orb.
     0 | D:1      | Reached XP level 1. HP: 18/18 MP: 1/1
   359 | D:1      | Found Catet's Jewellery Shop.
   380 | D:1      | Gained mutation: Your touch may inflict minor irresistible
                  | damage on your foes. [demonic ancestry]
   380 | D:1      | Reached XP level 2. HP: 13/24 MP: 2/2
   932 | D:1      | Reached ** piety under Trog
  1554 | D:2      | Gained mutation: You are partially covered in sharp spines.
                  | [demonic ancestry]
  1554 | D:2      | Reached XP level 3. HP: 28/29 MP: 3/3
  1576 | D:2      | HP: 1/29 [gnoll/+0 whip (9)]
  1577 | D:2      | Slain by a gnoll

Illustrated notes

Levels and vault maps discovered:
D:1:      dpeg_cavernosity, layout_basic, serial_shops, shop, feat_on_display
D:2:      layout_loops_corners

Skill      XL: |  1  2 |
---------------+-------+-----
Axes           | 3 |  3.5
Armour         | 2 |  2.0
Fighting       | |  3.5
Dodging        | |  1.9

Action                     || total
---------------------------++-------
  Melee: Hand axe          ||    76
         Touch             ||     9
 Armour: Animal skin       ||    21
  Dodge: Dodged            ||    66
